 Dungeon Crawl Stone Soup version 0.30.0-19-g36f170ea60 (webtiles) character file.

Game seed: 17811000573939978703

5488 Luunch the Slicer (level 11, -21/81 HPs)
             Began as a Djinni Hedge Wizard on May 28, 2023.
             Was an Initiate of Gozag.
             Demolished by a polar bear (22 damage)
             ... on level 1 of the Lair of Beasts.
             The game lasted 00:40:55 (9512 turns).

Luunch the Slicer (Djinni Hedge Wizard)             Turns: 9512, Time: 00:40:55

Health: -21/81     AC:  7    Str:  6    XL:     11   Next: 1%
Gold:   548        EV: 14    Int: 24    God:    Gozag SH:  0 Dex: 16

rFire   + + .        m - +10 dagger of the Shark {flame, rC+ Int+4}
rCold   . . .        (no shield)
rNeg    . . .        d - +3 leather armour of the Cockroach {Str-3 Dex+3 Stlth+}
rPois   ∞            h - +0 helmet
rElec   .            (no cloak)
rCorr   .            (no gloves)
SInv    .            (boots unavailable)
Will    +....        (no amulet)
Stlth   ++++         (no ring)
HPRegen 0.33/turn    (no ring)
MPRegen 0.00/turn

%: infuse magic (-22 HP)
@: flying
A: sickness immunity, fire resistance 2, cold vulnerability 1, float, innate
caster, HP casting, extra vitality 1
a: Renounce Religion, Potion Petition, Call Merchant, Bribe Branch


You were on level 1 of the Lair of Beasts.
You worshipped Gozag.
Gozag was pleased with you.
You visited 3 branches of the dungeon, and saw 11 of its levels.
You also visited: Sewer.

You collected 917 gold pieces.
You spent 232 gold pieces at shops.
You paid 137 gold pieces to Gozag.

Inventory:

Hand Weapons
 a - a +2 dagger of venom
 m - the +10 dagger of the Shark (weapon) {flame, rC+ Int+4}
   (You found it on level 5 of the Dungeon)

   Int:       It affects your intelligence (+4).
   rC:        It protects you from cold.
 n - a +0 sling
 y - a +0 flail of holy wrath
 D - a +1 great sword of freezing
 F - a +0 rapier of protection
 H - a +6 falchion of freezing
Missiles
 e - 3 throwing nets
 g - 13 poisoned darts
 p - 2 curare-tipped darts
 A - 2 boomerangs
 L - 5 atropa-tipped darts
Armour
 d - the +3 leather armour of the Cockroach (worn) {Str-3 Dex+3 Stlth+}
   (You found it on level 2 of the Dungeon)

   Str:       It affects your strength (-3).
   Dex:       It affects your dexterity (+3).
   Stlth:     It makes you more stealthy.
 h - a +0 helmet (worn)
 k - a scarf of harm
Jewellery
 x - a ring of ice
 J - a +6 ring of intelligence
 K - a +5 ring of evasion
Wands
 u - a wand of polymorph (12)
Scrolls
 c - a scroll of enchant armour {unknown}
 j - 2 scrolls of poison
 l - 3 scrolls of teleportation
 s - 2 scrolls of fog {unknown}
 t - 2 scrolls of acquirement {unknown}
 v - a scroll of magic mapping
 w - 2 scrolls of fear {unknown}
 B - a scroll of vulnerability
Potions
 b - a potion of invisibility {unknown}
 f - 3 potions of lignification
 i - 7 potions of haste
 o - 2 potions of resistance
 q - a potion of might
 r - a potion of heal wounds
 z - 5 potions of curing
 C - a potion of mutation {unknown}
 E - a potion of berserk rage {unknown}
 I - a potion of flight {unknown}


   Skills:
 - Level 8.0 Fighting
 - Level 8.0 Short Blades
 - Level 6.0 Dodging
 + Level 4.9 Stealth
 - Level 6.0 Spellcasting


You knew the following spells:

 Your Spells              Type           Power      Damage    Failure   Level
a - Shock                 Conj/Air       100%       1d9       1%          1
b - Searing Ray           Conj           72%        2d7       1%          2
c - Blink                 Tloc           72%        N/A       1%          2
d - Call Imp              Summ           72%        N/A       1%          2
e - Mephitic Cloud        Conj/Pois/Air  36%        N/A       3%          3
f - Magic Dart            Conj           100%       1d8       1%          1
g - Slow                  Hex            100%       N/A       1%          1
h - Scorch                Fire           72%        2d8       1%          2
i - Inner Flame           Hex/Fire       36%        N/A       3%          3
j - Sticky Flame          Conj/Fire      36%        2d6       11%         4
Your spell library was empty.

Dungeon Overview and Level Annotations

Branches:
Dungeon (9/15)             Temple (1/1) D:6            Lair (1/5) D:8
  Sewer (visited)
    Orc: D:9-12

Altars:
Ashenzari
Cheibriados
Dithmenos
Elyvilon
Gozag
Hepliaklqana
Makhleb
Nemelex Xobeh
Okawaru
Qazlal
Ru
Trog
Uskayaw
Wu Jian
Xom
Yredelemnul
Zin
The Shining One

Shops:
D:5 ?   D:7 (

Annotations:
D:7 2 transporters, Menkaure
D:8 1 runed translucent door
D:9 exclusion: wizard


Innate Abilities, Weirdness & Mutations

You are immune to sickness and miasma.
You are immune to poison.
Your flesh is very heat resistant. (rF++)
You are vulnerable to cold. (rC-)
You float through the air rather than walking.
You learn spells naturally, not from books.
Your magical power is your life essence.
You have superior vitality. (+4 MHP)


Message History

Aiming: Shock (safe; 1% risk of failure)
Press: ? - help, Shift-Dir - straight line, f/p - polar bear
Aim: a polar bear (moderately wounded, 81% to hit)
The zap hits the polar bear.
The polar bear is heavily wounded.
Casting: Shock (safe; 1% risk of failure)
Confirm with . or Enter, or press ? or * to list all spells.
Flames lash the polar bear.
The polar bear is severely wounded.
The polar bear's fire resistance burns away.
The polar bear goes berserk!
Casting: Scorch (safe; 1% risk of failure)
Confirm with . or Enter, or press ? or * to list all spells.
Flames lash the polar bear.
The polar bear is burned terribly!
The polar bear is almost dead.
You hit the polar bear but do no damage.
The polar bear is almost dead.
The polar bear bites you!! The polar bear claws you.
The polar bear closely misses you.
Casting: Scorch (safe; 1% risk of failure)
Confirm with . or Enter, or press ? or * to list all spells.
Flames lash the polar bear.
The polar bear is almost dead.
The polar bear barely misses you. The polar bear claws you.
The polar bear closely misses you. The polar bear bites you!!
The polar bear barely misses you.
The polar bear claws you but does no damage.
Casting: Scorch (safe; 1% risk of failure)
Confirm with . or Enter, or press ? or * to list all spells.
Flames lash the polar bear.
The polar bear is burned terribly!
The polar bear is almost dead.
* * * LOW HITPOINT WARNING * * *
The polar bear bites you!!
* * * LOW HITPOINT WARNING * * *
The polar bear closely misses you. The polar bear barely misses you.
You hit the polar bear. You burn the polar bear.
The polar bear is almost dead.
The polar bear bites you!!
You die...
Your body crumbles into a pile of gold.

****,,,,,~~**,,,,****+**
#..,**##~~#,,,,,**,,*
*..,**~~.~*#.,*,***,**
##.#**...*#..,*,***,,*
#...##.$##..#,*,,**,**
*#...........,,,***+**
###........******,,,,,
#$...?h.#.#* *,**,*
#####@....# *** *,*,,,
#.....#...#**,* *,*,,,
##...##.##...>,***,*,,,
#..#.......##.,,,,,,,,,
#...##.#..##****,*,*,,,
##.....#...# *,*,,,,,
#####.##### *,+,,*,* **#
**,,,,,, ****,**


You could see a polar bear (berserk, combustible).

Vanquished Creatures
  An elephant (D:8)
  A komodo dragon (Lair:1)
  A hornet (D:7)
  6 yaks
  2 basilisks
  Edmund (D:5)
  2 water moccasins (Lair:1)
  A sky beast (D:7)
  3 ice beasts
  2 black bears
  An ogre (D:5)
  2 centaurs
  2 wolves (Lair:1)
  3 phantoms
  3 kobold brigands
  5 bullfrogs
  2 gnoll sergeants
  4 scorpions
  8 wights
  3 hounds
  A jelly (D:6)
  4 sleepcaps
  5 orc wizards
  2 iguanas
  4 adders
  16 gnolls
  4 river rats (Sewer)
  A white imp (D:6)
  An ufetubus (D:5)
  A worm (D:3)
  2 dart slugs
  18 orcs
  9 ball pythons
  7 endoplasms
  2 giant cockroaches
  7 goblins
  8 hobgoblins
  5 quokkas
  5 bats
  4 frilled lizards
  19 kobolds
  31 rats
209 creatures vanquished.

Vanquished Creatures (collateral kills)
  A gnoll (D:2)
1 creature vanquished.

Grand Total: 210 creatures vanquished

Notes
Turn   | Place    | Note
-------+----------+-------------------------------------------
     0 | D:1      | Luunch the Djinni Hedge Wizard began the quest for the Orb.
     0 | D:1      | Luunch set off with the following spells memorised: Magic
                  | Dart, Slow, Blink, Call Imp, Mephitic Cloud.
     0 | D:1      | Reached XP level 1. HP: 15/15 MP: 0/0
    99 | D:1      | Reached skill level 1 in Fighting
   172 | D:1      | Reached XP level 2. HP: 21/22 MP: 0/0
  1112 | D:2      | Reached XP level 3. HP: 22/28 MP: 0/0
  1112 | D:2      | Learned a level 1 spell: Shock
  1156 | D:2      | Reached skill level 1 in Short Blades
  1234 | D:2      | Identified the +3 leather armour of the Cockroach {Str-3
                  | Dex+3 Stlth+}
  1384 | D:2      | Reached XP level 4. HP: 31/33 MP: 0/0
  1823 | D:3      | Found a sparkling altar of Nemelex Xobeh.
  1938 | D:3      | Reached XP level 5. HP: 22/38 MP: 0/0
  1938 | D:3      | Learned a level 2 spell: Searing Ray
  1958 | D:3      | Found a shimmering altar of Xom.
  2051 | D:3      | Found a glowing drain.
  2059 | Sewer    | Entered a sewer
  2093 | Sewer    | Noticed a kobold brigand
  2098 | Sewer    | Killed a kobold brigand
  2099 | Sewer    | Reached XP level 6. HP: 33/43 MP: 0/0
  3552 | D:4      | Reached XP level 7. HP: 49/52 MP: 0/0
  3552 | D:4      | Learned a level 2 spell: Scorch
  3912 | D:4      | Found an ornate altar of the Wu Jian Council.
  4061 | D:5      | Entered Level 5 of the Dungeon
  4228 | D:5      | Noticed Edmund
  4374 | D:5      | Killed Edmund
  4424 | D:5      | Reached XP level 8. HP: 46/58 MP: 0/0
  4679 | D:5      | Found Unkummint's Magic Scroll Shoppe.
  4684 | D:5      | Bought a scroll of teleportation for 45 gold pieces
  4684 | D:5      | Bought a scroll of magic mapping for 112 gold pieces
  4684 | D:5      | Bought a scroll of noise for 15 gold pieces
  4684 | D:5      | Bought a scroll of vulnerability for 60 gold pieces
  4876 | D:5      | Found a bloodstained altar of Trog.
  4882 | D:5      | Identified the +10 dagger of the Shark {flame, rC+ Int+4}
  4900 | D:5      | Reached skill level 5 in Spellcasting
  5419 | D:6      | Reached skill level 5 in Short Blades
  5880 | D:6      | Found a staircase to the Ecumenical Temple.
  5889 | Temple   | Entered the Ecumenical Temple
  6155 | D:6      | Reached XP level 9. HP: 58/62 MP: 0/0
  6155 | D:6      | Learned a level 3 spell: Inner Flame
  6656 | D:7      | Found a transporter.
  6658 | D:7      | Found a basalt altar of Yredelemnul.
  6660 | D:7      | Noticed Menkaure
  6843 | D:7      | Noticed a hornet
  6907 | D:7      | Killed a hornet
  6908 | D:7      | Reached skill level 5 in Fighting
  6967 | D:7      | Found Xyahib's Weapon Boutique.
  7547 | D:7      | Found a transporter.
  7709 | Temple   | Became a worshipper of Gozag Ym Sagoz the Greedy
  7859 | D:8      | Noticed an elephant
  7878 | D:8      | Killed an elephant
  7879 | D:8      | Reached skill level 5 in Dodging
  7879 | D:8      | Reached XP level 10. HP: 14/72 MP: 0/0
  8140 | D:8      | Found a staircase to the Lair.
  8322 | D:8      | Found a runed translucent door.
  8323 | D:8      | Found a burning altar of Makhleb.
  8323 | D:8      | Noticed a sixfirhy
  8426 | D:8      | Found a shadowy altar of Dithmenos.
  8820 | D:9      | Noticed a wizard
  8877 | Lair:1   | Entered Level 1 of the Lair of Beasts
  9061 | Lair:1   | Noticed a cane toad
  9431 | Lair:1   | Noticed a komodo dragon
  9440 | Lair:1   | Killed a komodo dragon
  9449 | Lair:1   | Reached XP level 11. HP: 65/81 MP: 0/0
  9449 | Lair:1   | Learned a level 4 spell: Sticky Flame
  9511 | Lair:1   | HP: 1/81 [polar bear (23)]
  9512 | Lair:1   | Demolished by a polar bear

Illustrated notes

Levels and vault maps discovered:
D:1:      saegor_arrival_under_anarchy, layout_basic
D:2:      layout_basic
D:3:      layout_loops_ring, nemelex_dance_club_becter,
          mainiacjoe_overflow_brackets, cheibrodos_sewer_entry_bend,
          kennysheep_generic_room_12
D:4:      layout_cave_pods, nicolae_wu_jian_immortal_techniques,
          hangedman_decor_opposing, dreamdust_princess_bridge
D:5:      layout_loops_ring, bloody_trog, serial_shops,
          nicolae_shop_just_a_little_nook, kennysheep_donut,
          grunt_ministairs_14, serial_bayou_lake_a, uniq_edmund
D:6:      layout_basic, temple_hall
D:7:      layout_basic, gammafunk_temple_of_torment, serial_shops, shop_statue,
          minmay_fractal_squares_gapless_5
D:8:      layout_basic, grunt_dithmenos_smoke, nzn_makhleb_speed_demon,
          david_lair_generic, chequers_avenue
D:9:      layout_loops_corners, fedhas_altar_fruit_tree, enter_bailey_2,
          nrook_uturn, lightli_wizard_tower
Temple:   nicolae_temple_god_jail
Lair:1:   layout_roguey, beast_lair_carwin_6

Skill      XL: |  1  2  3  4  5  6  7  8  9 10 |
---------------+-------------------------------+-----
Fighting       | 1 2 4 6 8 |  8.0
Short Blades   | 2 4 6 8 |  8.0
Spellcasting   | 3 4 5 6 |  6.0
Stealth        | 2 4 |  4.9
Dodging        | 4 5 6 |  6.0

Action                     |  1- 3 |  4- 6 |  7- 9 | 10-12 || total
---------------------------+-------+-------+-------+-------++-------
  Melee: Dagger            |    25 |    89 |    75 |    34 ||   223
         Punch             |       |     1 |     4 |       ||     5
  Throw: Dart              |     2 |       |       |       ||     2
   Cast: Magic Dart        |    46 |     3 |     1 |       ||    50
         Shock             |    13 |    57 |   113 |    46 ||   229
         Call Imp          |     1 |     1 |     3 |     1 ||     6
         Searing Ray       |       |     5 |     3 |     8 ||    16
         Mephitic Cloud    |       |     1 |    15 |     7 ||    23
         Scorch            |       |       |    65 |    19 ||    84
         Slow              |       |       |     1 |       ||     1
         Inner Flame       |       |       |     2 |     7 ||     9
    Use: Scroll            |       |     4 |     3 |     4 ||    11
         Potion            |       |       |       |     1 ||     1
   Stab: Sleeping          |       |     5 |       |       ||     5
         Confused          |       |     1 |     2 |     2 ||     5
 Armour: Robe              |     5 |       |       |       ||     5
         Leather armour    |       |    27 |    23 |    14 ||    64
  Dodge: Dodged            |    18 |    44 |    41 |    28 ||   131
